AoeStats
← JeGrandchamp

Arabia

508046473Analyzed
1v1 RM · 11d ago on Sep 20, 2026· 31m 19s· 2 players
Game mode
Random Map
Map size
Tiny (2 player)
Population
200
Speed
Normal
Resources
Standard
Victory
Conquest
Starting age
Dark Age
Ending age
Imperial Age
RankedLock teamsTeams togetherTeam positionsShared explorationLock speedFull tech treeHidden civsTurbo modeCheats
Victory
Defeat
🇨🇱 Khmer · Chile
962
+16
🇨🇦 Inca · Canada
960
-16
JeGrandchamp
11:39 Feudal Age
11:14 Loom
17:24 Forging
17:54 Champi Runner
18:30 Horse Collar
20:35 Double-Bit Axe
22:28 Scale Mail Armor
27:36 Fletching
31:59 Castle Age
Sparkmaclaud
6:52 Loom
9:39 Feudal Age
10:24 Double-Bit Axe
10:51 Horse Collar
16:15 Bloodlines
16:57 Forging
22:20 Castle Age
21:44 Wheelbarrow
21:29 Town Watch
21:43 Fletching
22:26 Gold Mining
24:51 Hand Cart
24:54 Bow Saw
24:46 Heavy Plow
26:33 Bodkin Arrow
27:57 Padded Archer Armor
28:10 Husbandry
Connection lost

Rejoining the realm…

Still unreachable

The connection could not be restored.

Session expired

The server has moved on; the page needs a fresh start.